 Dungeon Crawl Stone Soup version 0.30.1-4-g462c640d31 (webtiles) character file.

Game seed: 9427178223679662766

1 Mune the Grave Robber (level 1, 0/4 HPs)
             Began as a Vampire Necromancer on Aug 12, 2023.
             Slain by a kobold
             ... wielding a +0 dagger
              (3 damage)
             ... on level 1 of the Dungeon.
             The game lasted 00:04:26 (7019 turns).

Mune the Grave Robber (Vampire Necromancer)         Turns: 7019, Time: 00:04:28

Health: 0/4        AC:  2    Str:  7    XL:     1   Next: 16%
Magic:  0/3        EV: 12    Int: 17    God:
Gold:   0          SH:  0    Dex: 14    Spells: 3/4 levels left

rFire   . . .        (no weapon)
rCold   . . .        (no shield)
rNeg    . . .        a - +0 robe
rPois   .            (no helmet)
rElec   .            (no cloak)
rCorr   .            (no gloves)
SInv    +            (no boots)
Will    .....        (no amulet)
Stlth   ++           (no ring)
HPRegen 0.40/turn    (no ring)
MPRegen 0.08/turn

%: no passive effects
@: healing quickly, bezotted
A: alive, fangs 3, see invisible, vampiric 1
a: Exsanguinate


You were on level 1 of the Dungeon.
You visited 1 branch of the dungeon, and saw 1 of its levels.

Inventory:

Armour
 a - a +0 robe (worn)
Potions
 b - a potion of magic


   Skills:
 + Level 2.2 Dodging
 + Level 3.0 Stealth
 + Level 2.0 Spellcasting
 + Level 4.4 Necromancy


You had 3 spell levels left.
You knew the following spells:

 Your Spells              Type           Power      Damage    Failure   Level
a - Necrotise             Necr           64%        1d7       3%          1

Your spell library contained the following spells:

 Spells                   Type           Power      Damage    Failure   Level
 Vampiric Draining        Necr           16%        2d7       10%         3
 Animate Dead             Necr           16%        N/A       32%         4
 Agony                    Necr           16%        N/A       65%         5


Dungeon Overview and Level Annotations

Branches:
Dungeon (1/15) Zot: 980

Altars:


Innate Abilities, Weirdness & Mutations

Your natural rate of healing is accelerated.
You have razor-sharp teeth.
You have supernaturally acute eyesight. (SInv)
You are afflicted with vampirism.


Message History

You start waiting.
Done waiting.
You are a level 1 Vampire Necromancer.
You are 16% of the way to level 2.
Play time: 00:03:33 (6801 turns).
Zot will find you in 199 turns if you stay in this branch and explore no new floors.
Really rest while Zot is near?
You start waiting.
Done waiting.
Zot has nearly found you.
Suffering is imminent.
Descend or flee this branch!
Zot's power touches on you...
You have lingered too long.
Zot senses you.
Dive deeper or flee this branch before you suffer!
Found a stone staircase leading down.
A giant cockroach and a kobold come into view.
Found a hand axe and 10 gold pieces.
The kobold barely misses you.
The giant cockroach writhes in agony.
The giant cockroach closely misses you. The kobold hits you with a +0 dagger.
Ouch! That really hurt!
You are too injured to fight recklessly!
You are too injured to fight recklessly!
You are too injured to fight recklessly!
You are too injured to fight recklessly!
Unknown command.
Casting: Necrotise (safe; 3% risk of failure)
Confirm with . or Enter, or press ? or * to list all spells.
Aiming: Necrotise (safe; 3% risk of failure)
Press: ? - help, Shift-Dir - straight line, f/p - giant cockroach
Aim: a giant cockroach (moderately wounded, chance to affect: 86%)
The giant cockroach writhes in agony.
The giant cockroach misses you. The kobold closely misses you.
Casting: Necrotise (safe; 3% risk of failure)
Confirm with . or Enter, or press ? or * to list all spells.
Aiming: Necrotise (safe; 3% risk of failure)
Press: ? - help, Shift-Dir - straight line, f/p - giant cockroach
Aim: a giant cockroach (almost dead, chance to affect: 86%)
The giant cockroach writhes in agony.
You kill the giant cockroach!
The kobold hits you with a +0 dagger.
Ouch! That really hurt!
You die...

######.###.#....#
#.......##.+.##.#
####..#....#....#
##.....#######
##...........
#######....#.##
.............#
...)....#..###
.......@#...#
.......K......#
.........#.##..
##.##.....># #.
#. .....$. #
#........
##........
#.##.#....


You could see a kobold.

Vanquished Creatures
  A giant cockroach (D:1)
  A hobgoblin (D:1)
2 creatures vanquished.

Notes
Turn   | Place    | Note
-------+----------+-------------------------------------------
     0 | D:1      | Mune the Vampire Necromancer began the quest for the Orb.
     0 | D:1      | Reached XP level 1. HP: 13/13 MP: 3/3
  5000 | D:1      | Glimpsed the power of Zot.
  5500 | D:1      | Glimpsed the power of Zot.
  5900 | D:1      | Glimpsed the power of Zot.
  5999 | D:1      | Touched by the power of Zot.
  6000 | D:1      | Glimpsed the power of Zot.
  6500 | D:1      | Glimpsed the power of Zot.
  6900 | D:1      | Glimpsed the power of Zot.
  6999 | D:1      | Touched by the power of Zot.
  7000 | D:1      | Glimpsed the power of Zot.
  7019 | D:1      | Slain by a kobold

Illustrated notes

Levels and vault maps discovered:
D:1:      lemuel_arrival_behind_the_door_small, layout_rooms,
          ebering_ecumenical_altar_rust, serial_shops, shop, shop,
          kennysheep_minor_cross

Action                     || total
---------------------------++-------
  Melee: Unarmed           ||     3
         Bite              ||     2
   Cast: Necrotise         ||     5
  Dodge: Dodged            ||     7
